 Dungeon Crawl Stone Soup version 0.31-a0-1074-g0b22e4e0f1 (webtiles) character file.

Game seed: 3176899332662999307

90 Curundu the Trooper (level 4, -1/40 HPs)
             Began as a Draconian Berserker on Nov 29, 2023.
             Was a Believer of Trog.
             Frozen to death by an endoplasm (5 damage)
             ... on level 3 of the Dungeon.
             The game lasted 00:13:49 (2398 turns).

Curundu the Trooper (Draconian Berserker)           Turns: 2398, Time: 00:13:49

Health: -1/40      AC:  6    Str: 20    XL:     4   Next: 32%
Magic:  4/4        EV: 12    Int:  7    God:    Trog [**....]
Gold:   145        SH:  5    Dex: 12    Spells: 3/3 levels left

rFire   . . .        a - +0 short sword
rCold   . . .        (no shield)
rNeg    . . .        (body armour unavailable)
rPois   .            (helmet restricted)
rElec   .            n - +0 cloak
rCorr   .            (no gloves)
SInv    .            (no boots)
Will    .....        g - amulet of reflection
Stlth   +            (no ring)
HPRegen 0.26/turn    (no ring)
MPRegen 0.09/turn

%: reflection
@: no status effects
A: AC +5, unfitting armour, cold-blooded
a: Renounce Religion, Berserk, Trog's Hand


You were on level 3 of the Dungeon.
You worshipped Trog.
Trog was pleased with you.
You visited 1 branch of the dungeon, and saw 3 of its levels.

You collected 145 gold pieces.

Inventory:

Hand Weapons
 a - a +0 short sword (weapon)
Armour
 n - a +0 cloak (worn)
Magical Staves
 e - a staff of death
Jewellery
 g - an amulet of reflection (around neck)
Scrolls
 b - a scroll of fog {unknown}
 d - a scroll of poison {unknown}
 f - a scroll of summoning {unknown}
 i - a scroll of brand weapon {unknown}
 j - a scroll of identify {unknown}
 l - a scroll of teleportation {unknown}
 m - a scroll of enchant armour {unknown}
Potions
 c - 2 potions of might {unknown}
 h - a potion of heal wounds {unknown}
 k - a potion of invisibility {unknown}
 o - a potion of enlightenment {unknown}


   Skills:
 + Level 4.1 Fighting
 + Level 3.9 Short Blades
 + Level 3.3 Dodging
 + Level 0.4 Stealth
 + Level 0.4 Shields


You had 3 spell levels left.
You didn't know any spells.
Your spell library contained the following spells:

 Spells                   Type           Power      Damage    Failure   Level
 Tukima's Dance           Hex            0%         N/A       80%         3
 Dimensional Bullseye     Hex/Tloc       0%         N/A       99%         4
 Iskenderun's Mystic Bla  Conj/Tloc      0%         2d3       99%         4


Dungeon Overview and Level Annotations

Branches:
Dungeon (3/15)

Altars:

Annotations:
D:3 Robin


Innate Abilities, Weirdness & Mutations

Your plain brown scales are hard. (AC +5)
You cannot fit into any form of body armour.
You are cold-blooded and may be slowed by cold attacks.


Message History

Trog accepts your kill.
You hit the giant cockroach.
The giant cockroach is heavily wounded.
The goblin closely misses you. The endoplasm freezes you.
You are frozen.
You feel yourself slow down.
The giant cockroach bites you but does no damage.
You block the goblin's attack.
Robin roars a battlecry!
The goblins go into a battle-frenzy!
You barely miss the giant cockroach.
The giant cockroach is heavily wounded.
The giant cockroach barely misses you. The goblin hits you with a +0 dagger.
The endoplasm hits you but does no damage.
The goblin barely misses you.
The giant cockroach bites you but does no damage.
You hit the giant cockroach.
You kill the giant cockroach!
Trog accepts your kill.
You feel yourself speed up. The endoplasm closely misses you.
The goblin hits you but does no damage. The endoplasm barely misses you.
The goblin misses you. The goblin hits you with a +0 club.
* * * LOW HITPOINT WARNING * * *
You hit the goblin.
The goblin is severely wounded.
You block the goblin's attack.
You barely miss the goblin.
The goblin is severely wounded.
The hobgoblin no longer looks unusually strong.
The goblin hits you with a +0 dagger.
* * * LOW HITPOINT WARNING * * *
The endoplasm barely misses you. The goblin hits you with a +0 club.
* * * LOW HITPOINT WARNING * * *
You closely miss the goblin.
The goblin is severely wounded.
You block the goblin's attack. The goblin barely misses you.
The endoplasm freezes you.
You are frozen.
You die...

#.#.≈....#§...≈....#.....
##......≈...≈.....≈...≈...
#...#.#.......#.#.....)...
#........#.#.....§.#.#....
#..≈...≈.....≈)..§........
#....#....≈....#.§..≈..###
#(.#.†$≈g§g..≈...≈.......#
##....ggg#J#.......#...#.#
#######g@g..###.#...###.#
####### #.#.##..<..
#.#.##.##.# .# # #.# ..#
###


You could see Robin, an endoplasm, 3 hobgoblins and 3 goblins.

Vanquished Creatures
  2 adders (D:2)
  3 worms
  A dart slug (D:1)
  6 bats
  7 endoplasms (D:1)
  2 giant cockroaches
  5 goblins
  7 hobgoblins
  6 jackals (D:1)
  8 kobolds
  3 ball pythons (D:1)
  4 frilled lizards (D:1)
  2 rats (D:1)
56 creatures vanquished.

Notes
Turn   | Place    | Note
-------+----------+-------------------------------------------
     0 | D:1      | Curundu the Draconian Berserker began the quest for the
                  | Orb.
     0 | D:1      | Reached XP level 1. HP: 19/19 MP: 1/1
   160 | D:1      | Reached XP level 2. HP: 26/26 MP: 2/2
   311 | D:1      | Reached ** piety under Trog
   696 | D:1      | Reached XP level 3. HP: 25/33 MP: 3/3
  1345 | D:2      | Reached skill level 4 in Fighting
  1821 | D:2      | Reached XP level 4. HP: 33/40 MP: 4/4
  2360 | D:3      | Noticed Robin
  2398 | D:3      | Frozen to death by an endoplasm

Illustrated notes

Levels and vault maps discovered:
D:1:      scummos_arrival_checkerplants, layout_basic, st_stairs_9,
          minmay_pentomino_r2
D:2:      layout_basic
D:3:      wander_river, layout_loops_cross, nemelex_dance_club_becter,
          biasface_ghost_orc_armoury, nicolae_kite_square_tiling_tiny,
          minmay_misc_feat_ornament, uniq_robin

Skill      XL: |  1  2  3 |
---------------+----------+-----
Dodging        | 3 |  3.3
Fighting       | 4 |  4.1
Short Blades   | |  3.9
Stealth        | |  0.4
Shields        | |  0.4

Action                     |  1- 3 |  4- 6 || total
---------------------------+-------+-------++-------
  Melee: Short sword       |   211 |    57 ||   268
         Tailslap          |    23 |     4 ||    27
         Punch             |     1 |       ||     1
    Use: Scroll            |     1 |       ||     1
   Stab: Sleeping          |     1 |       ||     1
 Armour: Skin              |   105 |    46 ||   151
  Dodge: Dodged            |   146 |    46 ||   192
  Block: Other             |    23 |    20 ||    43
         Reflection        |     1 |       ||     1

Table legend: (Time is in decaauts)
 A = Elapsed time spent in this place.
 B = Non-inter-level travel time spent in this place.
 C = Inter-level travel time spent in this place.
 D = Time resting spent in this place.
 E = Time spent auto-exploring this place.
 F = Levels seen in this place.
 G = Mean time per level.
                   A        B        C        D        E       F      G
               +--------+--------+--------+--------+--------+-----+--------+
         Total |   2356 |   2356 |      0 |    315 |      0 |   3 |  785.3 |
       Dungeon |   2356 |   2356 |      0 |    315 |      0 |   3 |  785.3 |
               +--------+--------+--------+--------+--------+-----+--------+

Top non-repeatable levels by time:
     D:1: 1241 daAuts
     D:2: 908 daAuts
     D:3: 206 daAuts
